 Dungeon Crawl Stone Soup version 0.25-a0-341-g6f074c887a (webtiles) character file.

Game seed: 2946593630537415135, levelgen mode: classic

202 Borgoz the Skirmisher (level 5, 0/49 HPs)
             Began as a Gargoyle Fighter on Dec 30, 2019.
             Slain by an adder (2 damage)
             ... on level 3 of the Dungeon.
             The game lasted 00:02:37 (2150 turns).

Borgoz the Skirmisher (Gargoyle Fighter)            Turns: 2150, Time: 00:02:37

Health: 0/49       AC: 14    Str: 32    XL:     5   Next: 80%
Magic:  5/5        EV: 10    Int:  9    God:
Gold:   80         SH:  4    Dex:  9    Spells: 4/4 levels left

rFire    . . .     SeeInvis .   a - +0 flail
rCold    . . .     Gourm    .   i - +0 buckler
rNeg     + . .     Faith    .   b - +0 scale mail
rPois    ∞         Spirit   .   m - +2 hat
rElec    +         Reflect  .   (no cloak)
rCorr    .         Harm     .   (no gloves)
MR       .....                  p - +0 pair of boots
Stlth    ..........             (no amulet)
HPRegen  0.16/turn              k - +5 ring of strength
MPRegen  0.09/turn              o - +2 ring of strength

@: berserking (expiring), very quick
A: negative energy resistance 1, electricity resistance, unbreathing,
petrification resistance, rot immunity, AC +4
a: no special abilities


You were on level 3 of the Dungeon.
You were hungry.

You visited 1 branch of the dungeon, and saw 3 of its levels.

You collected 80 gold pieces.

Inventory:

Hand Weapons
 a - a +0 flail (weapon)
Armour
 b - a +0 scale mail (worn)
 c - a +0 shield
 i - a +0 buckler (worn)
 m - a +2 hat (worn)
 p - a +0 pair of boots (worn)
Jewellery
 k - a +5 ring of strength (left hand)
 o - a +2 ring of strength (right hand)
Scrolls
 g - 2 scrolls of identify
 h - a scroll of immolation {unknown}
 j - a scroll of blinking {unknown}
 l - a scroll of amnesia
 n - 3 scrolls of remove curse {unknown}
Potions
 d - a potion of might
Comestibles
 f - 5 rations
 q - 2 chunks of flesh


   Skills:
 + Level 4.2 Fighting
 * Level 3.9 Maces & Flails
 + Level 4.2 Armour
 + Level 4.2 Shields


You had 4 spell levels left.
You didn't know any spells.
Your spell library was empty.

Dungeon Overview and Level Annotations

Branches:
Dungeon (3/15)

Altars:
Wu Jian


Innate Abilities, Weirdness & Mutations

You are resistant to torment.
Your stone body is resilient. (AC +4)
You are immune to poison.
You resist negative energy. (rN+)
You are resistant to electric shocks. (rElec)
You can survive without breathing.
You are immune to petrification.
You are immune to rotting.


Message History

The rat closely misses you. The orc closely misses you.
You block the goblin's attack. The adder barely misses you.
The orc yells to no one in particular.
The orc closely misses you.
You closely miss the orc. The rat closely misses you.
The orc hits you with a +0 flail.
* * * LOW HITPOINT WARNING * * *
You sock the orc!
You kill the orc!
You are feeling hungry.
The adder closely misses you. The goblin hits you but does no damage.
The orc hits you but does no damage. You block the rat's attack.
You closely miss the goblin. The adder bites you but does no damage.
You block the goblin's attack. The orc hits you but does no damage.
The rat bites you but does no damage.
You closely miss the adder. The adder bites you.
* * * LOW HITPOINT WARNING * * *
The orc barely misses you. The goblin hits you but does no damage.
The adder bites you.
You die...

.#############
.............
#........ ..#
.......)###.######..
......))r..........
.....KS@#......#
......go.......#
...........#...##
........#.###.).#
........#..#..#.#####
........##..........#
#
........###.#######.#
# ##..#.### #.# #.# #
####..#.# #.# #.###


You could see an adder, an orc, a goblin, a kobold and a rat.

Vanquished Creatures
  2 orc priests (D:3)
  Terence (D:2)
  4 adders
  An ooze (D:3)
  3 worms
  2 dart slugs (D:1)
  2 leopard geckos (D:3)
  An orc (D:3)
  6 bats
  3 giant cockroaches
  8 goblins
  12 hobgoblins
  3 jackals (D:2)
  4 kobolds
  4 frilled lizards
  8 rats
64 creatures vanquished.

Notes
Turn   | Place    | Note
-------+----------+-------------------------------------------
     0 | D:1      | Borgoz the Gargoyle Fighter began the quest for the Orb.
     0 | D:1      | Reached XP level 1. HP: 14/14 MP: 1/1
   216 | D:1      | Reached XP level 2. HP: 16/19 MP: 2/2
   534 | D:1      | Reached XP level 3. HP: 16/23 MP: 3/3
   884 | D:2      | Noticed Terence
   891 | D:2      | Killed Terence
   891 | D:2      | Reached XP level 4. HP: 20/29 MP: 4/4
  1748 | D:3      | Reached XP level 5. HP: 33/33 MP: 5/5
  2020 | D:3      | Found an ornate altar of the Wu Jian Council.
  2150 | D:3      | HP: 2/49 [adder (2)]
  2150 | D:3      | Slain by an adder

Levels and vault maps discovered:
D:1:      eino_arrival_water_cross, layout_loops_ring
D:2:      layout_loops_ring, uniq_terence
D:3:      layout_loops_ring, marbit_many_paths, gammafunk_ghost_grave,
          first_ration

Skill      XL: |  1  2  3  4 |
---------------+-------------+-----
Maces & Flails | 3 |  3.9
Fighting       | 4 |  4.2
Shields        | 4 |  4.2
Armour         | 4 |  4.2

Action                   |  1- 3 |  4- 6 || total
-------------------------+-------+-------++-------
Melee: Flail             |    78 |   180 ||   258
  Use: Scroll            |       |     3 ||     3
       Potion            |       |     1 ||     1
  Eat: Chunk             |       |     4 ||     4
Armor: Scale mail        |    42 |   160 ||   202
Dodge: Dodged            |    45 |   123 ||   168
Block: Shield            |     3 |       ||     3
       Buckler           |    18 |    54 ||    72

Table legend:
 A = Non-vault XP
 B = Vault XP
 C = Vault XP percentage of total XP
 D = Non-vault monster count
 E = Vault monster count
 F = Vault count percentage of total count
                 A         B        C        D         E       F
            +---------+---------+-------+---------+---------+-------
      Total |     240 |      49 |  17.0 |      62 |       2 |   3.1
            +---------+---------+-------+---------+---------+-------
        D:1 |      36 |       0 |   0.0 |      19 |       0 |   0.0
        D:2 |      84 |      36 |  30.0 |      26 |       1 |   3.7
        D:3 |     120 |      13 |   9.8 |      17 |       1 |   5.6
            +---------+---------+-------+---------+---------+-------
